 Dungeon Crawl Stone Soup version 0.19-a0-1021-g80cc50c (webtiles) character file.

95 Ihatecarrots00 the Chopper (level 4, -1/41 HPs)
             Began as a Minotaur Berserker on July 26, 2016.
             Was a Believer of Trog.
             Slain by alcopop's ghost (2 damage)
             ... on level 4 of the Dungeon.
             The game lasted 00:09:42 (2642 turns).

Ihatecarrots00 the Chopper (Minotaur Berserker)     Turns: 2642, Time: 00:09:42

Health: -1/41      AC:  5    Str: 22    XL:     4   Next: 39%
Magic:  3/3        EV: 12    Int:  4    God:    Trog [**....]
Gold:   85         SH:  3    Dex: 10    Spells: 0 memorised, 3 levels left

rFire  . . .     SeeInvis .     a - +0 hand axe
rCold  . . .     Gourm    .     b - +0 animal skin
rNeg   . . .     Faith    .     d - +0 buckler
rPois  .         Spirit   .     (helmet restricted)
rElec  .         Dismiss  .     h - +2 cloak {MR+}
rCorr  .         Reflect  .     (no gloves)
SustAt .         Harm     .     (no boots)
MR     +....                    (no amulet)
Stlth  +.........               (no ring)
                                (no ring)

@: lethally poisoned (-1 -> -45), somewhat resistant to hostile enchantments,
very unstealthy
A: retaliatory headbutt, horns 2
a: Berserk, Trog's Hand, Burn Spellbooks, Renounce Religion


You were on level 4 of the Dungeon.
You worshipped Trog.
Trog was pleased with you.
You were not hungry.

You visited 1 branch of the dungeon, and saw 4 of its levels.

You collected 85 gold pieces.

Inventory:

Hand Weapons
 a - a +0 hand axe (weapon)
Armour
 b - a +0 animal skin (worn)
 c - a +0 helmet
 d - a +0 buckler (worn)
 h - a +2 cloak of magic resistance (worn)
 k - a +1 ring mail of cold resistance
Jewellery
 g - a +2 ring of intelligence {unknown}
Scrolls
 e - 2 scrolls of remove curse {unknown}
 f - a scroll of enchant weapon {unknown}
 l - a scroll of noise {unknown}
 n - a scroll of teleportation {unknown}
 q - a scroll of enchant armour {unknown}
Potions
 i - a potion of brilliance {unknown}
 j - 2 potions of curing {unknown}
 m - a potion of mutation {unknown}
 p - a potion of might {unknown}
Comestibles
 o - 2 fruits


   Skills:
 + Level 4.4 Fighting
 + Level 4.4 Axes
 + Level 2.6 Armour
 + Level 3.5 Dodging
 + Level 0.1 Stealth
 + Level 1.0 Shields


You had 3 spell levels left.
You didn't know any spells.

Dungeon Overview and Level Annotations

Branches:
Dungeon (4/15)
 Temple: D:4-7

Altars:
Elyvilon
Okawaru
Uskayaw
Xom

Annotations:
D:4 alcopop's ghost, amateur KoAr


Innate Abilities, Weirdness & Mutations

You reflexively headbutt those who attack you in melee.
You have a pair of horns on your head.


Message History

Alcopop's ghost hits you!
You are more poisoned.
You hit alcopop's ghost but do no damage.
You headbutt alcopop's ghost.
Alcopop's ghost is severely damaged.
* * * LOW HITPOINT WARNING * * *
You feel very sick. Alcopop's ghost misses you.
You hit alcopop's ghost.
Alcopop's ghost is severely damaged.
* * * LOW HITPOINT WARNING * * *
You feel very sick.
Alcopop's ghost hits you but does no damage.
You are more poisoned.
You hit alcopop's ghost.
Alcopop's ghost is almost destroyed.
* * * LOW HITPOINT WARNING * * *
You feel very sick. Alcopop's ghost hits you.
You die...

## #. #. ##.
#.##
#######..##
#.........#
#.##..#.##.#
#......@W.#
#.###.###.....#
# #.# #####
#'###....
+_###....
#'###.... # #.#
#..
#..###.###.# ..
#..........#
...


You could see alcopop's ghost.

Vanquished Creatures
  3 adders (D:3)
  An ooze (D:2)
  A worm (D:2)
  2 giant geckos
  2 orcs (D:3)
  A ball python (D:1)
  4 giant cockroaches
  10 goblins
  6 hobgoblins
  2 jackals (D:2)
  A quokka (D:3)
  5 bats
  8 giant newts
  4 kobolds
  8 rats
58 creatures vanquished.

Notes
Turn   | Place    | Note
-------+----------+-------------------------------------------
     0 | D:1      | Ihatecarrots00 the Minotaur Berserker began the quest for the Orb.
     0 | D:1      | Reached XP level 1. HP: 19/19 MP: 0/0
   304 | D:1      | Reached XP level 2. HP: 26/27 MP: 1/1
   519 | D:1      | Reached ** piety under Trog
  1009 | D:2      | Reached XP level 3. HP: 28/33 MP: 2/2
  1289 | D:2      | Found an iron altar of Okawaru.
  1472 | D:2      | Found a faded altar of an unknown god.
  1832 | D:3      | Reached skill level 1 in Shields
  1832 | D:3      | Reached XP level 4. HP: 29/40 MP: 3/3
  1891 | D:3      | Found a white marble altar of Elyvilon.
  2097 | D:3      | Found a hide-covered altar of Uskayaw.
  2619 | D:4      | Found a shimmering altar of Xom.
  2624 | D:4      | Noticed alcopop's ghost (amateur KoAr)
  2642 | D:4      | HP: 1/41 [poisoned by alcopop's ghost]
  2642 | D:4      | Slain by alcopop's ghost

Vault maps used:
D:1:      ncdulo_wetmaze, minmay_surrounded
D:2:      lemuel_coloured_pillars_altar, ecumenical_altar_1
D:3:      eat_drink_and_be_merry_uskayaw, marbit_many_paths
D:4:      lemuel_doored_altar, minmay_misc_feat_plants

Skill      XL: |  1  2  3 |
---------------+----------+-----
Axes           | 4 |  4.4
Fighting       | 4 |  4.4
Dodging        | 3 |  3.5
Shields        | 1 |  1.0
Armour         | |  2.6
Stealth        | |  0.1

Action                   |  1- 3 |  4- 6 || total
-------------------------+-------+-------++-------
Melee: Hand axe          |    80 |    34 ||   114
       Headbutt          |    11 |     9 ||    20
 Stab: Sleeping          |     1 |       ||     1
  Eat: Bread ration      |     1 |       ||     1
       Fruit             |       |     1 ||     1
Armor: Animal skin       |    24 |    13 ||    37
Dodge: Dodged            |    75 |    17 ||    92
Block: Buckler           |    13 |     8 ||    21
